 Dungeon Crawl Stone Soup version 0.29-a0-275-g389c0b56f3 (webtiles) character file.

Game seed: 5280405471416993046

58746 jt the Sharpshooter (level 15, -4/93 HPs)
             Began as a Kobold Arcane Marksman on Mar 9, 2022.
             Was an Elder of Hepliaklqana.
             Slain by a dire elephant (33 damage)
             ... on level 6 of the Lair of Beasts.
             The game lasted 00:48:34 (20968 turns).

jt the Sharpshooter (Kobold Arcane Marksman)       Turns: 20968, Time: 00:48:35

Health: -4/93      AC:  9    Str: 13    XL:     15   Next: 31%
Magic:  18/18      EV: 33    Int: 19    God:    Hepliaklqana [****..]
Gold:   880        SH:  0    Dex: 30    Spells: 9/16 levels left

rFire   + . .      SeeInvis +   a - +1 arbalest (freeze)
rCold   . . .      Faith    .   (shield currently unavailable)
rNeg    . . .      Spirit   .   N - +0 leather armour {rF+}
rPois   +          Reflect  .   P - +3 helmet of Compassion {rElec Int+4 Dex+4}
rElec   +          Harm     .   y - scarf {repulsion}
rCorr   .          Rampage  .   j - +1 pair of gloves
Will    +....                   (no boots)
Stlth   ++++......              (no amulet)
HPRegen 0.25/turn               L - ring of poison resistance
MPRegen 0.16/turn               I - ring "Igiriug" {Str+3 Dex+6 Slay+3 SInv Stlth+}

@: repel missiles
A: reduced essence, small, no large weapons, nightstalker 3
a: Renounce Religion, Recall Ancestor, Ancestor Identity, Transference, Idealise


You were on level 6 of the Lair of Beasts.
You worshipped Hepliaklqana.
Hepliaklqana was greatly pleased with you.
You visited 3 branches of the dungeon, and saw 17 of its levels.
You also visited: Ossuary, Ice Cave and Volcano.

You collected 880 gold pieces.

Inventory:

Hand Weapons
 a - a +1 arbalest of freezing (weapon)
 n - a +5 flail of draining
 A - the +1 rapier "Earthworm" {elec, rElec rCorr Stlth+}
   (You took it off a goblin on level 4 of the Dungeon)

   It occasionally discharges a powerful burst of electricity upon striking a
   foe.
   rElec:     It insulates you from electricity.
   rCorr:     It protects you from acid and corrosion.
   Stlth:     It makes you more stealthy.
 B - a +1 arbalest of flaming
 F - a +3 vorpal spear
 M - a +0 hand crossbow of flaming
Missiles
 e - 328 stones
 i - 3 boomerangs of dispersal
 p - 38 poisoned darts
 H - 4 atropa-tipped darts
Armour
 b - a +0 robe
 g - a +0 troll leather armour
 j - a +1 pair of gloves (worn)
 u - a +0 helmet
 v - a +1 pair of gloves of infusion
 x - a +1 scale mail of fire resistance
 y - a scarf of repulsion (worn)
 N - a +0 leather armour of fire resistance (worn)
 P - the +3 helmet of Compassion (worn) {rElec Int+4 Dex+4}
   (You found it in a volcano)

   Int:       It affects your intelligence (+4).
   Dex:       It affects your dexterity (+4).
   rElec:     It insulates you from electricity.
 R - a +3 chain mail of fire resistance
Jewellery
 q - a ring of wizardry
 I - the ring "Igiriug" (right hand) {Str+3 Dex+6 Slay+3 SInv Stlth+}
   (You acquired it on level 8 of the Dungeon)

   [ring of dexterity]

   Str:       It affects your strength (+3).
   Dex:       It affects your dexterity (+6).
   Slay:      It affects your accuracy & damage with ranged weapons and melee
   (+3).
   SInv:      It lets you see invisible.
   Stlth:     It makes you more stealthy.
 L - a ring of poison resistance (left hand)
 Q - a ring of protection from fire
Wands
 h - a wand of charming (15)
 k - a wand of mindburst (28)
 o - a wand of polymorph (14)
 r - a wand of flame (10)
 z - a wand of iceblast (14)
Scrolls
 c - 4 scrolls of vulnerability
 f - 2 scrolls of teleportation
 l - a scroll of torment
 m - a scroll of enchant armour
 t - 2 scrolls of fog
 J - a scroll of brand weapon
 U - 2 scrolls of magic mapping
 V - a scroll of immolation
 Z - a scroll of silence {unknown}
Potions
 d - 6 potions of curing
 s - 5 potions of lignification
 w - 2 potions of invisibility
 C - 2 potions of flight
 D - a potion of ambrosia
 E - 2 potions of magic
 G - a potion of berserk rage
 K - 2 potions of heal wounds
 O - a potion of brilliance
 S - 2 potions of mutation {unknown}
 X - a potion of resistance
 Y - a potion of attraction {unknown}
Miscellaneous
 T - a box of beasts
 W - a lightning rod (4/4)


   Skills:
 + Level 15.9 Fighting
 + Level 18.8 Crossbows
 - Level 4.0 Armour
 + Level 16.0 Dodging
 - Level 1.1 Spellcasting
 - Level 3.0 Hexes
 - Level 5.0 Invocations
 - Level 5.0 Evocations


You had 9 spell levels left.
You knew the following spells:

 Your Spells              Type           Power      Damage    Failure   Level
a - Slow                  Hex            48%        N/A       7%          1
b - Inner Flame           Hex/Fire       6%         N/A       36%         3
c - Portal Projectile     Hex/Tloc       12%        N/A       36%         3

Your spell library contained the following spells:

 Spells                   Type           Power      Damage    Failure   Level
 Summon Small Mammal      Summ           4%         N/A       22%         1
 Sublimation of Blood     Necr           1%         N/A       34%         2
 Wereblood                Tmut           1%         N/A       34%         2
 Dazzling Flash           Conj/Hex       12%        N/A       36%         3
 Summon Guardian Golem    Hex/Summ       6%         N/A       36%         3
 Cause Fear               Hex            6%         N/A       54%         4
 Call Canine Familiar     Summ           1%         N/A       56%         3
 Ozocubu's Armour         Ice            1%         N/A       56%         3
 Fulminant Prism          Conj/Hex       3%         3d6       77%         4
 Airstrike                Air            0%         N/A       92%         4
 Hailstorm                Conj/Ice       1%         3d3       92%         4
 Ice Form                 Ice/Tmut       1%         N/A       92%         4
 Iskenderun's Mystic Bla  Conj/Tloc      1%         2d3       92%         4
 Petrify                  Tmut/Erth      1%         N/A       92%         4
 Summon Lightning Spire   Summ/Air       1%         N/A       92%         4
 Metabolic Englaciation   Hex/Ice        3%         N/A       98%         5
 Silence                  Hex/Air        3%         N/A       98%         5
 Agony                    Necr           1%         N/A       99%         5
 Blade Hands              Tmut           0%         N/A       99%         5
 Excruciating Wounds      Necr           0%         N/A       99%         5
 Lee's Rapid Deconstruct  Erth           0%         3d5*      99%         5
 Lightning Bolt           Conj/Air       0%         1d11      99%         5
 Simulacrum               Ice/Necr       0%         N/A       100%        6
 Starburst                Conj/Fire      0%         6d3       100%        6
 Statue Form              Tmut/Erth      0%         N/A       100%        6
 Ozocubu's Refrigeration  Ice            0%         4d5       100%        7
 Summon Hydra             Summ           0%         N/A       100%        7


Dungeon Overview and Level Annotations

Branches:
Dungeon (10/15)            Temple (1/1) D:4            Lair (6/6) D:8
 Shoals (0/4) Lair:2       Spider (0/4) Lair:3        Slime (0/5) Lair:5
Ossuary (visited)           IceCv (visited)         Volcano (visited)
    Orc: D:9-12

Altars:
Cheibriados
Dithmenos
Elyvilon
Gozag
Hepliaklqana
Kikubaaqudgha
Qazlal
Ru
Sif Muna
Trog
Uskayaw
Vehumet
Wu Jian
Xom
Yredelemnul
Zin

Annotations:
D:9 2 transporters, bmj180's ghost, novice MfIE
Lair:2 1 runed translucent door, yegreS's ghost, journeyman MiFi
Lair:3 1 runed translucent door, Gildeon's ghost, journeyman FoFi


Innate Abilities, Weirdness & Mutations

Your life essence is reduced to manifest your ancestor. (-10% HP)
You are small and have problems with some larger weapons.
You are completely attuned to the shadows.


Message History

You shoot a bolt. The bolt hits the dire elephant.
The bolt freezes the dire elephant.
The dire elephant is almost dead.
The dire elephant tramples you!!
You stumble backwards!
Thamphthis blocks the dire elephant's attack.
The dire elephant trunk-slaps Thamphthis.
The dire elephant tramples Thamphthis.
Thamphthis holds his ground!
The dire elephant trunk-slaps Thamphthis!
Thamphthis is destroyed!
Press: ? - help, v - describe, . - travel
Here: a dire elephant (almost dead)
The floor, spattered with blood.
You shoot a bolt. The bolt hits the dire elephant!!
The bolt freezes the dire elephant.
You kill the dire elephant!
You shoot a bolt. The bolt hits the dire elephant!!
The bolt freezes the dire elephant!
The dire elephant is heavily wounded.
You shoot a bolt. The bolt hits the dire elephant!
The bolt freezes the dire elephant.
The dire elephant is severely wounded.
You shoot a bolt.
The bolt barely misses the dire elephant.
The dire elephant barely misses you. The dire elephant trunk-slaps you.
You shoot a bolt.
The bolt hits the dire elephant but does no damage.
The dire elephant is severely wounded.
The dire elephant barely misses you. The dire elephant trunk-slaps you!
The dire elephant completely misses you.
The dire elephant trunk-slaps you.
You shoot a bolt.
The bolt hits the dire elephant but does no damage.
The dire elephant is severely wounded.
The dire elephant tramples you!!
You stumble backwards!
The dire elephant completely misses you.
The dire elephant trunk-slaps you!
You are too injured to fight recklessly!
The dire elephant attacks as you move away!
The dire elephant tramples you!!
You die...

#.#.## ♣≈P
#≈≈≈≈≈.#.#.P# ###≈#
#≈≈≈≈≈≈#.#..###.###
..≈≈≈##.#..#......
#...≈#..#.##......
##'####.##.........
#8†8#P..#♣.........
#.YY#.###..........
###.@##.##...........
##.'..#..#♣...........
##P.'..#.##♣...........
#P..####.# ♣...........
#...+.P..# #♣..........
#...+..### #.......†..
#....#8..+ #♣.........
#...P##### ♣.........
#.P..# #.........


You could see 2 dire elephants.

Vanquished Creatures
  Kirke (Lair:5)
  2 dire elephants (Lair:6)
  4 hydras
  5 catoblepae
  2 centaur warriors (D:8)
  7 death yaks (Lair:5)
  A spectral death yak (Lair:6)
  A spectral anaconda (Lair:6)
  A wolf spider (Lair:3)
  2 necromancers (Lair:6)
  An oklob plant (Lair:4)
  A manticore (Lair:2)
  19 elephants
  3 black mambas
  13 cane toads
  A gargoyle (D:6)
  A rime drake (Lair:3)
  An efreet (Volcano)
  4 komodo dragons
  An ice devil (IceCv)
  A wind drake (Lair:2)
  A polar bear (Lair:6)
  A troll (D:9)
  6 dream sheep (Lair:5)
  19 blink frogs
  41 yaks
  5 basilisks
  2 fire elementals (Volcano)
  3 steam dragons
  A hog (Lair:4)
  3 wyverns
  A redback (Lair:3)
  A spectral cane toad (Lair:6)
  A harpy simulacrum (IceCv)
  2 death yak simulacra (IceCv)
  Edmund (D:5)
  14 water moccasins
  2 orc warriors (D:8)
  5 black bears
  A sky beast (D:7)
  2 ice beasts (D:7)
  18 wolves
  An ogre (D:5)
  5 centaurs
  4 phantoms
  4 kobold brigands
  19 bullfrogs
  2 necrophages
  4 two-headed ogre simulacra (IceCv)
  An elf skeleton (D:7)
  A gnoll sergeant (D:9)
  3 water moccasin zombies (Ossuary)
  6 wights
  An elephant simulacrum (IceCv)
  An electric eel (Lair:6)
  A bullfrog zombie (D:5)
  2 centaur zombies (D:5)
  4 jellies
  2 hounds (D:6)
  6 orc priests
  A gnoll shaman (D:7)
  A scorpion zombie (D:5)
  Jessica (D:3)
  3 iguanas
  5 hell rats (Lair:3)
  2 human skeletons (D:7)
  14 orc wizards
  A statue (D:4)
  A troll simulacrum (IceCv)
  A killer bee zombie (D:5)
  A hound zombie (D:5)
  2 mummies (Ossuary)
  Robin (D:3)
  3 adders
  6 gnolls
  A naga simulacrum (IceCv)
  4 river rats (Lair:3)
  A shadow imp (D:5)
  An ufetubus (D:4)
  3 adder zombies (Ossuary)
  A worm (D:1)
  2 dart slugs (D:4)
  39 orcs
  12 endoplasms
  3 giant cockroaches
  11 goblins
  12 hobgoblins
  2 quokkas
  5 ball pythons
  3 bats (D:3)
  3 frilled lizards
  A gnoll zombie (Ossuary)
  9 hobgoblin zombies (Ossuary)
  28 kobolds
  4 kobold zombies (Ossuary)
  3 orc skeletons (D:7)
  5 orc zombies (Ossuary)
  5 rats
470 creatures vanquished.

Vanquished Creatures (collateral kills)
  A hydra (Lair:6)
  A death yak (Lair:5)
  10 elephants
  A komodo dragon (Lair:5)
  4 blink frogs
  A wyvern (Lair:4)
  3 yaks
  A fire elemental (Volcano)
  A death yak simulacrum (Lair:6)
  A redback (Lair:3)
  A spectral cane toad (Lair:6)
  4 water moccasins
  A black bear (D:5)
  2 wolves (Lair:4)
  An elephant skeleton (Lair:6)
  A bullfrog (Lair:5)
  An electric eel (Lair:6)
  A river rat (Lair:3)
  2 rats (Lair:3)
38 creatures vanquished.

Vanquished Creatures (others)
  2 humans (Lair:5)
  2 ancestors
  8 knights
  87 fungi
  67 plants
  16 withered plants (Lair:6)
182 creatures vanquished.

Grand Total: 690 creatures vanquished

Notes
Turn   | Place    | Note
-------+----------+-------------------------------------------
     0 | D:1      | jt the Kobold Arcane Marksman began the quest for the Orb.
     0 | D:1      | Reached XP level 1. HP: 12/12 MP: 2/2
   471 | D:1      | Reached skill level 3 in Crossbows
   670 | D:1      | Reached XP level 2. HP: 4/17 MP: 0/3
  2101 | D:2      | Reached XP level 3. HP: 21/21 MP: 4/4
  2545 | D:3      | Reached skill level 4 in Crossbows
  2711 | D:3      | Noticed Robin
  2719 | D:3      | Reached XP level 4. HP: 20/27 MP: 5/5
  2746 | D:3      | Killed Robin
  2847 | D:3      | Noticed Jessica
  2851 | D:3      | Killed Jessica
  2852 | D:3      | Reached XP level 5. HP: 31/32 MP: 6/6
  2936 | D:3      | Reached skill level 5 in Crossbows
  3007 | D:3      | Found a stormy altar of Qazlal.
  3249 | D:3      | Found a faded altar of an unknown god.
  3580 | D:4      | Reached XP level 6. HP: 31/38 MP: 7/7
  3901 | D:4      | Found a staircase to the Ecumenical Temple.
  3909 | Temple   | Entered the Ecumenical Temple
  4147 | D:4      | Reached skill level 6 in Crossbows
  4159 | D:4      | Found a white marble altar of Elyvilon.
  4310 | D:4      | Identified the +1 rapier "Earthworm" {elec, rElec rCorr
                  | Stlth+}
  4356 | D:4      | Found a radiant altar of Vehumet.
  4524 | D:5      | Entered Level 5 of the Dungeon
  4685 | D:5      | Noticed a black bear
  4691 | D:5      | Killed a black bear
  4692 | D:5      | Reached skill level 5 in Fighting
  4692 | D:5      | Reached XP level 7. HP: 44/44 MP: 8/8
  4716 | D:5      | Reached skill level 7 in Crossbows
  4860 | D:5      | Noticed Edmund
  4863 | D:5      | Reached skill level 1 in Armour
  5036 | D:5      | Learned a level 3 spell: Inner Flame
  5040 | D:5      | Learned a level 3 spell: Portal Projectile
  5070 | D:5      | Reached XP level 8. HP: 51/51 MP: 9/9
  5464 | D:5      | Killed Edmund
  5465 | D:5      | Reached skill level 8 in Crossbows
  5921 | D:5      | Reached skill level 5 in Dodging
  5994 | D:5      | Found a basalt altar of Yredelemnul.
  6207 | D:6      | Noticed a gargoyle
  6278 | D:6      | Killed a gargoyle
  6279 | D:6      | Reached skill level 9 in Crossbows
  6279 | D:6      | Reached XP level 9. HP: 21/57 MP: 10/10
  6523 | D:6      | Reached skill level 1 in Evocations
  7249 | D:7      | Found a sand-covered staircase.
  7260 | Ossuary  | Entered an ossuary
  7634 | D:7      | Reached skill level 10 in Crossbows
  7726 | D:7      | Reached XP level 10. HP: 38/65 MP: 11/11
  8414 | D:7      | Reached skill level 5 in Evocations
  8964 | D:8      | Identified 2 scrolls of acquirement
  8965 | D:8      | Acquired a +1 arbalest of freezing
  8967 | D:8      | Acquired the ring "Igiriug" {Str+3 Dex+6 Slay+3 SInv
                  | Stlth+}
  9133 | D:8      | Reached skill level 11 in Crossbows
  9372 | D:8      | Found a staircase to the Lair.
  9742 | D:8      | Reached skill level 10 in Fighting
  9742 | D:8      | Reached skill level 12 in Crossbows
  9766 | D:8      | Noticed a centaur warrior
  9846 | D:8      | Identified the amulet of the King {Faith Harm +Blink}
  9846 | D:8      | Noticed a centaur warrior
  9848 | D:8      | Killed a centaur warrior
  9849 | D:8      | Reached XP level 11. HP: 52/73 MP: 12/12
  9913 | D:8      | Killed a centaur warrior
 10108 | Lair:1   | Entered Level 1 of the Lair of Beasts
 10125 | Lair:1   | Reached skill level 13 in Crossbows
 10255 | Lair:1   | Reached skill level 10 in Dodging
 10378 | Lair:1   | Found a frozen archway.
 10387 | IceCv    | Entered an ice cave
 11217 | Lair:1   | Reached XP level 12. HP: 34/80 MP: 13/13
 11218 | Lair:1   | Reached skill level 14 in Crossbows
 13178 | D:9      | Found a hazy altar of Hepliaklqana.
 13181 | D:9      | Became a worshipper of Hepliaklqana the Forgotten
 13420 | D:9      | Found a transporter.
 13442 | D:9      | Noticed a two-headed ogre
 13531 | D:9      | Noticed a deep troll
 13551 | D:9      | Found a transporter.
 13825 | D:10     | Entered Level 10 of the Dungeon
 13895 | D:9      | Noticed bmj180's ghost (novice MfIE)
 13895 | D:9      | Noticed a two-headed ogre
 13907 | D:9      | Noticed a two-headed ogre
 14055 | Lair:2   | Found a dark tunnel.
 14061 | Lair:2   | Reached skill level 15 in Crossbows
 14321 | Volcano  | Entered a volcano
 14382 | Volcano  | Reached * piety under Hepliaklqana
 14408 | Volcano  | Identified the +3 helmet of Compassion {rElec Int+4 Dex+4}
 14695 | Lair:2   | Found a staircase to the Shoals.
 14808 | Lair:2   | Reached XP level 13. HP: 79/79 MP: 14/14
 15313 | Lair:2   | Found a runed translucent door.
 15316 | Lair:2   | Noticed yegreS's ghost (journeyman MiFi)
 15914 | Lair:3   | Found a runed translucent door.
 15914 | Lair:3   | Found a shimmering altar of Xom.
 15914 | Lair:3   | Noticed Gildeon's ghost (journeyman FoFi)
 15915 | Lair:3   | Identified the +6 broad axe of Xiowog {chaos, Int+4}
 15968 | Lair:3   | Noticed a catoblepas
 15971 | Lair:3   | Killed a catoblepas
 16131 | Lair:3   | Noticed a catoblepas
 16136 | Lair:3   | Killed a catoblepas
 16151 | Lair:3   | Reached ** piety under Hepliaklqana
 16180 | Lair:3   | Remembered your ancestor Thamphthis as a knight
 16281 | Lair:3   | Reached skill level 16 in Crossbows
 16850 | Lair:3   | Noticed an eight-headed hydra
 16853 | Lair:3   | Killed an eight-headed hydra
 16982 | Lair:3   | Found a hole to the Spider Nest.
 17582 | Lair:4   | Reached skill level 17 in Crossbows
 17742 | Lair:4   | Reached XP level 14. HP: 86/86 MP: 15/15
 18081 | Lair:5   | Reached *** piety under Hepliaklqana
 18138 | Lair:5   | Reached skill level 1 in Invocations
 18152 | Lair:5   | Noticed Kirke
 18377 | Lair:5   | Killed Kirke
 18378 | Lair:5   | Reached skill level 15 in Fighting
 18420 | Lair:5   | Found a staircase to the Slime Pits.
 18792 | Lair:5   | Reached skill level 15 in Dodging
 19398 | Lair:5   | Reached skill level 18 in Crossbows
 19779 | Lair:6   | Entered Level 6 of the Lair of Beasts
 20152 | Lair:6   | Reached skill level 5 in Invocations
 20190 | Lair:6   | Reached XP level 15. HP: 92/92 MP: 18/18
 20725 | Lair:6   | Reached **** piety under Hepliaklqana
 20968 | Lair:6   | Slain by a dire elephant

Illustrated notes

Levels and vault maps discovered:
D:1:      minmay_arrival_three_doors, layout_basic
D:2:      layout_loops_ring, serial_bayou_crossing
D:3:      layout_rooms, nicolae_qazlal_general_emergency,
          shapermc_ecumenical_altar_mp_urbaneastern, uniq_robin, uniq_jessica
D:4:      layout_basic, kennysheep_mini, vehumet_statue, temple_doors_e
D:5:      layout_basic, nicolae_yredelemnul_corpse_copse, uniq_edmund
D:6:      layout_rooms
D:7:      kennysheep_six_static_rooms, layout_basic,
          nicolae_ossuary_entry_catacombs
D:8:      layout_loops_ring, lemuel_tele_altar, due_lair_maze_entry_diamond,
          nzn_random_ring
D:9:      layout_loops_ring, marbit_many_paths,
          gammafunk_ghost_wrathful_warriors, minivault_24, serial_bayou_pond_d
D:10:     layout_stronghold, nicolae_overflow_crystal_walls, minitemple,
          serial_shops, nicolae_shop_bloodbath_and_beyond, uniq_harold
Temple:   bh_familiar_temple
Lair:1:   layout_layer_cave, portal_ice_cave_entry_pillars_2, serial_rivers,
          chequers_serial_rivers_large_a, chequers_serial_rivers_micro_b,
          chequers_serial_rivers_large_b, chequers_serial_rivers_micro_a,
          fungi_pond_lemuel, st_stairs_11, chequers_serial_rivers_micro_a
Lair:2:   layout_cave_pods, minmay_shoals_entry_beasts,
          ebering_ghost_funeral_grove, enter_volcano_1
Lair:3:   layout_regular_city, spider_nest_entry_funnel_web, ebering_ghost_xom,
          kennysheep_abandoned_house, uniq_urug
Lair:4:   layout_loops_ring, grunt_megastairs_4, infiniplex_staircase_pool_2
Lair:5:   layout_cave_pods, nicolae_slime_entry_slimehenge, uniq_kirke
Lair:6:   due_jungle_book, layout_cave_pods, serial_bayou_lake_a, uniq_nessos

Skill      XL: |  1  2  3  4  5  6  7  8  9 10 11 12 13 14 15 |
---------------+----------------------------------------------+-----
Crossbows      | 3 4 5 6 7 9 10 12 13 15 17 18 | 18.8
Fighting       | 2 3 4 5 7 8 10 11 13 14 15 | 15.9
Dodging        | 3 5 7 8 10 12 14 15 16 | 16.0
Armour         | 1 2 3 4 |  4.0
Evocations     | 3 5 |  5.0
Invocations    | 5 |  5.0
Spellcasting   | |  1.1
Hexes          | |  3.0

Action                   |  1- 3 |  4- 6 |  7- 9 | 10-12 | 13-15 || total
-------------------------+-------+-------+-------+-------+-------++-------
Melee: Rapier            |       |       |    31 |       |       ||    31
       Punch             |       |       |     1 |       |       ||     1
       Flail             |       |       |       |     2 |       ||     2
       Arbalest          |       |       |       |     2 |       ||     2
 Fire: Hand crossbow     |   110 |   168 |   393 |    84 |       ||   755
       Arbalest          |       |       |       |   355 |   509 ||   864
Throw: Dart              |       |       |       |     1 |       ||     1
 Cast: Slow              |     7 |     1 |     2 |       |       ||    10
Invok: Ancestor Identity |       |       |       |     1 |       ||     1
       Ancestor Life: Kn |       |       |       |       |     1 ||     1
       Recall Ancestor   |       |       |       |       |     1 ||     1
Evoke: Wand              |       |     2 |    11 |     5 |       ||    18
  Use: Scroll            |     2 |     4 |    10 |    10 |     3 ||    29
       Potion            |       |       |     6 |     6 |       ||    12
 Stab: Paralysed         |       |       |    28 |       |       ||    28
Armor: Robe              |     4 |    13 |    34 |    30 |       ||    81
       Skin              |       |       |     3 |     9 |       ||    12
       Scale mail        |       |       |       |    17 |     8 ||    25
       Troll leather arm |       |       |       |     2 |       ||     2
       Leather armour    |       |       |       |       |    17 ||    17
Dodge: Dodged            |    48 |    85 |   235 |   393 |   210 ||   971
       Repelled          |       |     1 |       |     5 |       ||     6

Table legend: (Time is in decaauts)
 A = Elapsed time spent in this place.
 B = Non-inter-level travel time spent in this place.
 C = Inter-level travel time spent in this place.
 D = Time resting spent in this place.
 E = Time spent auto-exploring this place.
 F = Levels seen in this place.
 G = Mean time per level.
                   A        B        C        D        E       F      G
               +--------+--------+--------+--------+--------+-----+--------+
         Total |  21233 |  20588 |    645 |   5131 |  11055 |  20 | 1061.7 |
       Dungeon |  11200 |  10829 |    371 |   3197 |   5338 |  10 | 1120.0 |
        Temple |    203 |    184 |     19 |      0 |    179 |   1 |  203.0 |
          Lair |   9011 |   8757 |    254 |   1716 |   5395 |   6 | 1501.8 |
       Ossuary |    215 |    215 |      0 |      0 |     71 |   1 |  215.0 |
      Ice Cave |    290 |    290 |      0 |    217 |      0 |   1 |  290.0 |
       Volcano |    311 |    311 |      0 |      0 |     71 |   1 |  311.0 |
               +--------+--------+--------+--------+--------+-----+--------+

Top non-repeatable levels by time:
  Lair:1: 2241 daAuts
  Lair:5: 1781 daAuts
     D:7: 1724 daAuts
     D:1: 1659 daAuts
  Lair:2: 1652 daAuts
     D:8: 1587 daAuts
     D:5: 1435 daAuts
  Lair:6: 1227 daAuts
     D:4: 1163 daAuts
  Lair:3: 1135 daAuts
     D:6: 994 daAuts
  Lair:4: 973 daAuts
     D:2: 890 daAuts
     D:3: 849 daAuts
     D:9: 847 daAuts
